 Dungeon Crawl Stone Soup version 0.19.1 (webtiles) character file.

746 Faustar the Cudgeler (level 7, -7/41 HPs)
             Began as a Gargoyle Fighter on Dec 23, 2016.
             Was an Initiate of Qazlal.
             Mangled by an ogre
             ... wielding a +0 giant spiked club
              (26 damage)
             ... on level 5 of the Dungeon.
             The game lasted 00:07:12 (4402 turns).

Faustar the Cudgeler (Gargoyle Fighter)             Turns: 4402, Time: 00:07:13

Health: -7/41      AC: 19    Str: 21    XL:     7   Next: 77%
Magic:  7/7        EV:  7    Int:  9    God:    Qazlal [......]
Gold:   140        SH: 10    Dex:  9    Spells: 0 memorised, 6 levels left

rFire  . . .     SeeInvis .     u - +1 flail (protect)
rCold  . . .     Gourm    .     b - +0 scale mail
rNeg   + . .     Faith    .     c - +0 shield
rPois  ∞         Spirit   .     j - +0 helmet
rElec  +         Reflect  .     (no cloak)
rCorr  .         Harm     .     (no gloves)
MR     .....                    (no boots)
Stlth  ..........               (no amulet)
                                (no ring)
                                (no ring)

@: protection aura
A: negative energy resistance 1, electricity resistance, unbreathing,
petrification resistance, rot immunity, AC +4
a: Renounce Religion


You were on level 5 of the Dungeon.
You worshipped Qazlal.
Qazlal was noncommittal.
You were not hungry.

You visited 2 branches of the dungeon, and saw 6 of its levels.

You collected 140 gold pieces.

Inventory:

Hand Weapons
 a - a +0 flail
 u - a +1 flail of protection (weapon)
Armour
 b - a +0 scale mail (worn)
 c - a +0 shield (worn)
 j - a +0 helmet (worn)
Scrolls
 h - 3 scrolls of random uselessness {unknown}
 k - 2 scrolls of teleportation
 l - a scroll of fog {unknown}
 m - 2 scrolls of remove curse
 n - 3 scrolls of amnesia
 v - 2 scrolls of immolation
Potions
 e - a potion of flight
 i - 2 potions of lignification
 o - 3 potions of curing
 q - a potion of cure mutation
 s - a potion of magic
 t - a potion of cancellation
 x - a potion of resistance
Comestibles
 d - a meat ration
 f - 3 bread rations
 g - 3 beef jerkies
 r - 3 slices of pizza


   Skills:
 - Level 3.2 Fighting
 - Level 7.6 Maces & Flails
 - Level 3.2 Armour
 + Level 5.4 Shields


You had 6 spell levels left.
You didn't know any spells.

Dungeon Overview and Level Annotations

Branches:
Dungeon (5/15)             Temple (1/1) D:4

Altars:
Ashenzari
Cheibriados
Dithmenos
Elyvilon
Fedhas
Gozag
Hepliaklqana
Kikubaaqudgha
Makhleb
Nemelex Xobeh
Okawaru
Qazlal
Ru
Sif Muna
Trog
Uskayaw
Vehumet
Xom
Yredelemnul
Zin
The Shining One

Shops:
D:5 %=?


Innate Abilities, Weirdness & Mutations

You are resistant to torment.
Your stone body is resilient. (AC +4)
You are immune to poison.
You resist negative energy. (rN+)
You are resistant to electric shocks. (rElec)
You can survive without breathing.
You are immune to petrification.
You are immune to rotting.


Message History

An ogre is nearby!
An ogre is nearby!
An ogre is nearby!
An ogre is nearby!
You catch the helpless ogre completely off-guard!
You thump the ogre!
Your weapon exudes an aura of protection.
The ogre is moderately wounded.
The ogre hits you with a giant spiked club.
You hit the ogre.
The ogre is moderately wounded.
The ogre hits you with a giant spiked club!!
You hit the ogre.
The ogre is moderately wounded.
You block the ogre's attack.
You closely miss the ogre.
The ogre is moderately wounded.
The ogre hits you with a giant spiked club!!
Ouch! That really hurt!
You die...

#......[..#.# #.######....#
#.######..#.# #.# ####.#
#.######..#.# #.# #.#
......##..#.# #.# #.#
..###.##....######.## #.#
#.##.....<.....##...## #.#
#.##..##...###.#.#.#.#######.#
#.##..###.## #.#.............#
#.##..##...###.#@#.#.#...#####
#..............O..<..>###.#
###...##...###.###....# #.#
........#.## #.# ####.###.#
###...#.#.####.# #....##
##...........# #...##
####.#.###### ###.# #.#.# #.#
#.#.# #####.#


You could see an ogre.

Vanquished Creatures
  Grinder (D:4)
  A phantom (D:4)
  A scorpion (D:5)
  2 hounds (D:4)
  A centaur skeleton (D:5)
  Ijyb (D:3)
  An orc wizard (D:3)
  3 worker ants
  3 gnolls (D:4)
  5 adders
  An ooze (D:2)
  An adder skeleton (D:5)
  2 worms
  3 leopard geckos
  13 orcs
  5 giant cockroaches
  7 goblins
  5 hobgoblins
  13 jackals
  2 quokkas
  3 ball pythons
  8 bats
  6 frilled lizards
  A jackal zombie (D:5)
  11 kobolds
  7 rats
107 creatures vanquished.

Notes
Turn   | Place    | Note
-------+----------+-------------------------------------------
     0 | D:1      | Faustar the Gargoyle Fighter began the quest for the Orb.
     0 | D:1      | Reached XP level 1. HP: 14/14 MP: 1/1
   195 | D:1      | Reached XP level 2. HP: 19/19 MP: 2/2
   279 | D:1      | Reached skill level 3 in Maces & Flails
   661 | D:2      | Reached XP level 3. HP: 23/23 MP: 3/3
  1206 | D:2      | Reached skill level 4 in Maces & Flails
  1222 | D:2      | Reached XP level 4. HP: 19/28 MP: 4/4
  2182 | D:3      | Reached skill level 5 in Maces & Flails
  2185 | D:3      | Reached XP level 5. HP: 30/32 MP: 5/5
  2545 | D:3      | Noticed Ijyb
  2578 | D:3      | Killed Ijyb
  2931 | D:4      | Found a staircase to the Ecumenical Temple.
  2953 | D:4      | Noticed Grinder
  2953 | D:4      | Paralysed by Grinder for 2 turns
  2970 | Temple   | Entered the Ecumenical Temple
  3093 | Temple   | Became a worshipper of Qazlal Stormbringer
  3128 | D:4      | Paralysed by Grinder for 3 turns
  3142 | D:4      | Killed Grinder
  3142 | D:4      | Reached skill level 7 in Maces & Flails
  3142 | D:4      | Reached XP level 6. HP: 15/37 MP: 6/6
  3373 | D:4      | Reached XP level 7. HP: 28/41 MP: 7/7
  3791 | D:4      | Found a snail-covered altar of Cheibriados.
  3856 | D:5      | Entered Level 5 of the Dungeon
  3965 | D:5      | Found Ditoig's Food Boutique.
  4231 | D:5      | Found Zeecelir's Magic Scroll Emporium.
  4314 | D:5      | Reached skill level 5 in Shields
  4371 | D:5      | Found Uraod's Jewellery Boutique.
  4402 | D:5      | Mangled by an ogre

Skill      XL: |  1  2  3  4  5  6  7 |
---------------+----------------------+-----
Maces & Flails | 3 4 5 7 |  7.6
Shields        | 5 |  5.4
Fighting       | |  3.2
Armour         | |  3.2

Action                   |  1- 3 |  4- 6 |  7- 9 || total
-------------------------+-------+-------+-------++-------
Melee: Flail             |   187 |   249 |   110 ||   546
  Use: Potion            |       |     1 |       ||     1
       Scroll            |       |       |    13 ||    13
 Stab: Distracted        |       |       |     1 ||     1
  Eat: Chunk             |     1 |     6 |     5 ||    12
Armor: Scale mail        |   164 |   168 |    62 ||   394
Dodge: Dodged            |    86 |   112 |    31 ||   229
Block: Shield            |   123 |   160 |    56 ||   339
